AoeStats
← Gregory176144

Arena

510056052Analyzed
1v1 RM · 4d ago on Sep 29, 2026· 27m 35s· 2 players
Game mode
Random Map
Map size
Tiny (2 player)
Population
200
Speed
Normal
Resources
Standard
Victory
Conquest
Starting age
Dark Age
Ending age
Imperial Age
RankedLock teamsTeams togetherTeam positionsShared explorationLock speedFull tech treeHidden civsTurbo modeCheats
Victory
Defeat
🇩🇪 Ethiopians · Germany
1271
+16
🇦🇷 Tatars · Argentina
1266
-27
Gregory176144
9:38 Feudal Age
13:11 Castle Age
12:09 Double-Bit Axe
12:04 Horse Collar
14:05 Bow Saw
14:24 Treadmill Crane
20:22 Stone Mining
24:08 Gold Mining
25:28 Gold Shaft Mining
29:39 Imperial Age
27:36 Fletching
28:22 Ballistics
Boblike
8:21 Loom
10:20 Feudal Age
14:03 Castle Age
12:00 Double-Bit Axe
12:15 Horse Collar
17:16 Fletching
26:32 Imperial Age
25:26 Bow Saw
26:34 Wheelbarrow
Connection lost

Rejoining the realm…

Still unreachable

The connection could not be restored.

Session expired

The server has moved on; the page needs a fresh start.